 Dungeon Sprint DCSS version 0.21-a0-110-g8e1637b (webtiles) character file.

473 Kidiri the Covert (level 6, -3/32 HPs)
             Began as a Spriggan Enchanter on July 8, 2017.
             Shot with a bolt by a yaktaur captain (35 damage)
             ... in the Dungeon (Sprint II: "The Violet Keep of Menkaure").
             The game lasted 00:02:11 (855 turns).

Kidiri the Covert (Spriggan Enchanter)               Turns: 855, Time: 00:02:13

Health: -3/32      AC:  2    Str:  4    XL:     6   Next: 84%
Magic:  17/17      EV: 25    Int: 18    God:
Gold:   486        SH:  0    Dex: 17    Spells: 8/20 levels left

rFire    . . .     SeeInvis +   a - +1 dagger
rCold    . . .     Gourm    .   (shield restricted)
rNeg     . . .     Faith    .   b - +0 robe
rPois    .         Spirit   .   (helmet restricted)
rElec    .         Reflect  .   (no cloak)
rCorr    .         Harm     .   (gloves unavailable)
MR       +....     NoTele   +   (boots unavailable)
Stlth    +++++.....             (no amulet)
HPRegen  0.10/turn              (no ring)
MPRegen  0.15/turn              (no ring)

@: very quick
A: unfitting armour, see invisible, herbivore 3, speed 3, slow metabolism 2
a: no special abilities


You were in the Dungeon.
You were not hungry.

You visited 1 branch You collected 486 gold pieces.

Inventory:

Hand Weapons
 a - a +1 dagger (weapon)
Armour
 b - a +0 robe (worn)
Scrolls
 j - a scroll of blinking
Potions
 e - a potion of curing
 f - a potion of heal wounds
 g - a potion of haste
 h - 2 potions of magic
Books
 c - a book of Maledictions

   Spells                             Type                      Level
   a - Corona                         Hexes                        1
   b - Ensorcelled Hibernation        Hexes/Ice                    2
   c - Confuse                        Hexes                        3
   d - Tukima's Dance                 Hexes                        3
   e - Dazzling Spray                 Conjuration/Hexes            3
Comestibles
 d - a bread ration


   Skills:
 + Level 3.3 Fighting
 * Level 6.9 Short Blades
 + Level 3.1 Armour
 * Level 9.4 Dodging
 * Level 10.6 Stealth
 * Level 7.7 Spellcasting
 + Level 0.7 Conjurations
 + Level 6.2 Hexes
 + Level 1.0 Ice Magic


You had 8 spell levels left.
You knew the following spells:

 Your Spells              Type           Power        Failure   Level  Hunger
a - Corona                Hex            ####...      1%          1    None
b - Ensorcelled Hibernat  Hex/Ice        ###...       3%          2    None
c - Confuse               Hex            ####....     2%          3    #......
d - Tukima's Dance        Hex            ####....     2%          3    #......
e - Dazzling Spray        Conj/Hex       ###...       7%          3    #......


Dungeon Overview and Level Annotations

Branches:
Dungeon (1/1)

Altars:

Shops:
D (!}!}[%::[=

Annotations:
D exclusion: ice statue, Kirke


Innate Abilities, Weirdness & Mutations

You are very small and have problems with some larger weapons.
You are too small for most types of armour.
You have supernaturally acute eyesight. (SInv)
You are a herbivore.
You cover ground extremely quickly.
You need consume almost no food.


Message History

You now have 486 gold pieces (gained 243).
You start resting.
HP restored.
You open the door.
Marking area around the ice statue as unsafe for travelling.
There is an open door here.
Menkaure, Prince of Dust comes into view.
A yaktaur captain, a skeletal warrior and Kirke come into view.
The yaktaur captain shouts!
The helpless Menkaure fails to defend himself.
You skewer Menkaure like a kebab!!!
You destroy Menkaure!
Your Armour skill increases to level 3!
Your Dodging skill increases to level 9!
Your Hexes skill increases to level 6!
Your Ice Magic skill increases to level 1!
The yaktaur captain wields an arbalest.
The yaktaur captain shoots a bolt.
The bolt hits you!!
Ouch! That really hurt!
You die... +#### ≈§§≈≈≈§## §≈§≈§§§## §§8≈§§§§# @ §≈§§≈§ zc.

§§§§ ###≈≈#+++#+++##
######≈≈≈..@......#
..∩.∩#≈≈≈≈.##'##..#
.∩.∩.#≈≈≈≈##.#.##
∩.∩..#≈≈≈≈#.###.#
.∩...#≈≈####.#.## #
∩....#≈##.# #'## .##
.∩...#≈#.####.##...#
.+≈+##.+.<.+.#
.∩.∩.#≈#...##.##.m.#


You could see Kirke (wandering), a yaktaur captain and a skeletal warrior.

Vanquished Creatures
  2 hippogriffs (D)
  Menkaure (D)
  3 worms (D)
6 creatures vanquished.

Vanquished Creatures (others)
  A crocodile (D)
1 creature vanquished.

Grand Total: 7 creatures vanquished

Notes
Turn   | Place    | Note
-------+----------+-------------------------------------------
     0 | D        | Kidiri the Spriggan Enchanter began the quest for the Orb.
     0 | D        | Reached XP level 1. HP: 9/9 MP: 5/5
     1 | D        | Noticed a necrophage
     1 | D        | Noticed a necrophage
     1 | D        | Noticed a necrophage
     1 | D        | Noticed a necrophage
     7 | D        | Reached skill level 5 in Stealth
    16 | D        | Found Maclus's Distillery.
    16 | D        | Found Sitzot's Book Shoppe.
    16 | D        | Found Ehygeuf's Book Shoppe.
    16 | D        | Found Gura's Gadget Emporium.
    16 | D        | Found Xeam's Jewellery Shoppe.
    16 | D        | Found Jahof's Food Emporium.
    17 | D        | Found Yxypig's Antique Armour Emporium.
    17 | D        | Found Zot Apnu's Antique Armour Shoppe.
    17 | D        | Found Aghaoses's Gadget Emporium.
    17 | D        | Found Kitras's Distillery.
    17 | D        | Found Vema's Antique Weapon Emporium.
    19 | D        | Reached XP level 2. HP: 14/14 MP: 7/7
    29 | D        | Learned a level 2 spell: Ensorcelled Hibernation
    37 | D        | Noticed a merfolk siren
    41 | D        | Noticed a hippogriff
    41 | D        | Noticed a hippogriff
    62 | D        | Killed a crocodile
   580 | D        | Killed a hippogriff
   580 | D        | Reached skill level 5 in Short Blades
   580 | D        | Reached skill level 8 in Stealth
   580 | D        | Reached skill level 5 in Spellcasting
   580 | D        | Reached skill level 5 in Hexes
   580 | D        | Reached XP level 3. HP: 8/19 MP: 1/11
   580 | D        | Reached XP level 4. HP: 10/23 MP: 1/12
   580 | D        | Reached XP level 5. HP: 12/27 MP: 1/14
   592 | D        | Killed a hippogriff
   592 | D        | Reached skill level 10 in Stealth
   592 | D        | Reached XP level 6. HP: 7/32 MP: 2/17
   679 | D        | Learned a level 3 spell: Confuse
   683 | D        | Learned a level 3 spell: Tukima's Dance
   687 | D        | Learned a level 3 spell: Dazzling Spray
   851 | D        | Noticed an ice statue
   853 | D        | Noticed Menkaure
   854 | D        | Noticed Kirke
   854 | D        | Noticed a skeletal warrior
   854 | D        | Noticed a yaktaur captain
   855 | D        | Killed Menkaure
   855 | D        | Reached skill level 1 in Ice Magic
   855 | D        | Shot with a bolt by a yaktaur captain

Vault maps used:
D:        the_violet_keep_of_menkaure

Skill      XL: |  1  2  3  4  5  6 |
---------------+-------------------+-----
Stealth        | 5 8 10 | 10.6
Dodging        | 4 7 8 9 |  9.4
Spellcasting   | 3 5 7 |  7.7
Short Blades   | 2 5 6 |  6.9
Fighting       | 2 3 |  3.3
Armour         | 2 3 |  3.1
Hexes          | 5 6 |  6.2
Ice Magic      | 1 |  1.0
Conjurations   | |  0.7

Action                   |  1- 3 |  4- 6 || total
-------------------------+-------+-------++-------
Melee: Dagger            |    10 |    12 ||    22
 Cast: Ensorcelled Hiber |     4 |       ||     4
  Use: Potion            |     1 |       ||     1
 Stab: Sleeping          |     6 |     1 ||     7
Armor: Robe              |     1 |     2 ||     3
Dodge: Dodged            |    14 |    10 ||    24
